 Dungeon Crawl Stone Soup version 0.28.0 (webtiles) character file.

Game seed: 1677310814278946998

22 growler the Gusty (level 2, -1/15 HPs)
             Began as a Tengu Air Elementalist on Feb 5, 2022.
             Slain by a quokka (4 damage)
             ... on level 1 of the Dungeon.
             The game lasted 00:01:43 (535 turns).

growler the Gusty (Tengu Air Elementalist)           Turns: 535, Time: 00:01:44

Health: -1/15      AC:  2    Str:  8    XL:     2   Next: 91%
Magic:  1/6        EV: 12    Int: 15    God:
Gold:   0          SH:  0    Dex: 14    Spells: 2/5 levels left

rFire   . . .      SeeInvis .   (no weapon)
rCold   . . .      Faith    .   (no shield)
rNeg    . . .      Spirit   .   a - +0 robe
rPois   .          Reflect  .   (helmet restricted)
rElec   .          Harm     .   (no cloak)
rCorr   .          Rampage  .   (no gloves)
Will    .....                   (boots unavailable)
Stlth   ++........              (no amulet)
HPRegen 0.05/turn               (no ring)
MPRegen 0.10/turn               (no ring)

@: very slightly contaminated
A: beak, talons 3
a: no special abilities


You were on level 1 of the Dungeon.
You visited 1 branch of the dungeon, and saw 1 of its levels.

Inventory:

Armour
 a - a +0 robe (worn)


   Skills:
 - Level 2.1 Dodging
 - Level 2.0 Stealth
 + Level 2.4 Spellcasting
 + Level 2.4 Conjurations
 + Level 4.5 Air Magic


You had 2 spell levels left.
You knew the following spells:

 Your Spells              Type           Power      Damage    Failure   Level
a - Shock                 Conj/Air       48%        1d6       5%          1
d - Static Discharge      Conj/Air       12%        N/A       8%          2

Your spell library contained the following spells:

 Spells                   Type           Power      Damage    Failure   Level
 Swiftness                Air            15%        N/A       10%         3
 Airstrike                Air            7%         N/A       32%         4


Dungeon Overview and Level Annotations

Branches:
Dungeon (1/15)

Altars:


Innate Abilities, Weirdness & Mutations

You have a beak for a mouth.
You have claws for feet.


Message History

No target in view!
No target in view!
A bat, a quokka and a hobgoblin come into view.
Found 23 gold pieces.
There are monsters nearby!
A bat and a goblin come into view.
The hobgoblin shouts!
The goblin shouts!
The bat hits you but does no damage. x2
You hit the bat. Your kick misses the bat. The bat barely misses you.
The bat hits you but does no damage.
A quokka comes into view.
Found a ring mail.
The bat closely misses you. The bat barely misses you.
The bat hits you but does no damage.
You closely miss the hobgoblin. Your kick misses the hobgoblin.
Your peck misses the hobgoblin. The bat hits you. The bat barely misses you.
The bat hits you but does no damage. The hobgoblin misses you.
The bat is struck by an arc of lightning.
You kill the bat!
You are struck by an arc of lightning.
The lightning grounds out.
The bat barely misses you. The quokka barely misses you.
The hobgoblin hits you.
The goblin is struck by an arc of lightning!
You kill the goblin!
The hobgoblin is struck by an arc of lightning.
The lightning grounds out.
The quokka is struck by an arc of lightning.
You kill the quokka!
You are struck by an arc of lightning.
* * * LOW HITPOINT WARNING * * *
The lightning grounds out.
The hobgoblin is struck by an arc of lightning!
You kill the hobgoblin!
You are struck by an arc of lightning.
* * * LOW HITPOINT WARNING * * *
The lightning grounds out.
The bat barely misses you.
You barely miss the bat. Your kick misses the bat.
You peck the bat, but do no damage. The bat hits you.
* * * LOW HITPOINT WARNING * * *
The quokka closely misses you. The bat misses you. The bat barely misses you.
The bat barely misses you. The bat closely misses you.
You miscast Shock.
You are very lightly contaminated with residual magic.
Nothing appears to happen.
The bat hits you.
* * * LOW HITPOINT WARNING * * *
The quokka barely misses you.
The zap hits the quokka.
The zap misses the quokka.
The quokka bites you.
You die...

#....).....# .......>...#
#....†.....# ...........#
#.$........# #####...#).
#########.#######.....##.
####.###.....###.##.
#.........#### #.##.
#......#### #....
#####.br...# #....
.......@...# #....
############ ....


You could see a quokka and a bat.

Vanquished Creatures
  A ball python (D:1)
  3 bats (D:1)
  3 endoplasms (D:1)
  A giant cockroach (D:1)
  2 goblins (D:1)
  3 hobgoblins (D:1)
  2 kobolds (D:1)
  A quokka (D:1)
  A frilled lizard (D:1)
  A rat (D:1)
18 creatures vanquished.

Notes
Turn   | Place    | Note
-------+----------+-------------------------------------------
     0 | D:1      | growler the Tengu Air Elementalist began the quest for the
                  | Orb.
     0 | D:1      | Reached XP level 1. HP: 10/10 MP: 4/4
   272 | D:1      | Reached XP level 2. HP: 15/15 MP: 3/6
   325 | D:1      | Learned a level 2 spell: Static Discharge
   535 | D:1      | Slain by a quokka

Illustrated notes

Levels and vault maps discovered:
D:1:      dpeg_arrival_yet_another_circle, layout_rooms

Skill      XL: |  1  2 |
---------------+-------+-----
Conjurations   | 2 |  2.4
Dodging        | |  2.1
Stealth        | |  2.0
Spellcasting   | |  2.4
Air Magic      | |  4.5

Action                   || total
-------------------------++-------
Melee: Unarmed           ||     8
       Peck              ||     2
       Kick              ||     1
 Cast: Shock             ||    27
       Static Discharge  ||     2
Armor: Robe              ||    16
Dodge: Dodged            ||    25
